[ AOE2 MATCH · #506718937 ]
UnrankedTeutons vs Teutons
Player's team · LOSS
Rival team · WIN
[ REPLAY ANALYSIS · EXTRACTED FROM THE RECORDED GAME ]
Feudal
12:04
Castle
23:44
Imperial
36:26
| APM avg | 33.8 |
| APM peak | 85 |
| eAPM avg | 24.7 |
| Villagers / military | 135 / 763 |
Focus
⚔️ 59.0% · 🌾 41.0%
Skirmisher ×337 · Scout Cavalry ×194 · Knight ×105 · Hand Cannoneer ×76 · Teutonic Knight ×35 · Bombard Cannon ×7
Feudal
12:14
Castle
25:26
Imperial
35:21
| APM avg | 34.3 |
| APM peak | 71 |
| eAPM avg | 24.0 |
| Villagers / military | 133 / 834 |
Focus
⚔️ 42.2% · 🌾 57.8%
Spearman ×402 · Skirmisher ×168 · Militia ×105 · Hand Cannoneer ×49 · Knight ×27 · Teutonic Knight ×27
Match map
Initial resources + every placement click. Lines = walls · curves = elevation contours. ◆ gold · ⬟ stone · ● berries · ✦ relic · ◌ wall gap
Your base· ✓ Closed at 23:44 · 11t walls · 1 gate(s)
Lord_calderon's base· ✓ Closed at 25:26 · 33t walls · no gate
Smoothed initial terrain · ◌ = detected wall gap · hover for details
Inputs per minute
— Jazzmushroom - - Lord_calderon
Build order — Jazzmushroom
First 150 of 1175 actions detected
| 0:00 | Queue | Villager (Male) |
| 0:01 | Queue | Villager (Male) |
| 0:01 | Queue | Villager (Male) |
| 0:02 | Build | House |
| 0:03 | Build | House |
| 0:15 | Research | Loom |
| 0:20 | Queue | Villager (Male) |
| 1:24 | Queue | Villager (Male) |
| 1:25 | Queue | Villager (Male) |
| 2:27 | Queue | Villager (Male) |
| 2:28 | Queue | Villager (Male) |
| 2:42 | Queue | Villager (Male) |
| 3:17 | Queue | Villager (Male) |
| 3:52 | Queue | Villager (Male) |
| 3:52 | Queue | Villager (Male) |
| 3:55 | Build | House |
| 4:22 | Queue | Villager (Male) |
| 4:22 | Queue | Villager (Male) |
| 4:22 | Queue | Villager (Male) |
| 4:38 | Build | Lumber Camp |
| 4:55 | Queue | Villager (Male) |
| 4:55 | Queue | Villager (Male) |
| 5:25 | Queue | Villager (Male) |
| 6:00 | Queue | Villager (Male) |
| 6:01 | Queue | Villager (Male) |
| 6:33 | Build | Mill |
| 6:44 | Build | House |
| 6:51 | Queue | Villager (Male) |
| 6:51 | Queue | Villager (Male) |
| 6:52 | Queue | Villager (Male) |
| 7:16 | Build | House |
| 7:20 | Queue | Villager (Male) |
| 7:52 | Queue | Villager (Male) |
| 8:29 | Build | Mill |
| 8:34 | Queue | Villager (Male) |
| 8:35 | Queue | Villager (Male) |
| 9:24 | Queue | Villager (Male) |
| 9:38 | Build | Mill |
| 9:54 | Research | Feudal Age |
| 9:54 | Research | Feudal Age |
| 10:33 | Build | Mining Camp |
| 10:37 | Queue | Villager (Male) |
| 10:38 | Queue | Villager (Male) |
| 10:38 | Queue | Villager (Male) |
| 11:15 | Queue | Villager (Male) |
| 11:34 | Build | House |
| 12:04 | Age | Feudal Age |
| 12:06 | Build | Watch Tower |
| 12:33 | Research | Double-Bit Axe |
| 12:35 | Research | Horse Collar |
| 13:12 | Build | Mining Camp |
| 13:17 | Queue | Villager (Male) |
| 13:26 | Queue | Villager (Male) |
| 13:43 | Build | Farm |
| 13:43 | Build | Farm |
| 13:45 | Build | Farm |
| 13:48 | Queue | Villager (Male) |
| 14:12 | Queue | Villager (Male) |
| 14:16 | Build | Mining Camp |
| 14:36 | Build | House |
| 15:00 | Build | Stone Wall |
| 15:05 | Build | Stone Wall |
| 15:24 | Build | Gate |
| 15:42 | Queue | Villager (Male) |
| 15:42 | Queue | Villager (Male) |
| 15:45 | Build | Farm |
| 15:46 | Build | Farm |
| 15:51 | Build | Market |
| 16:29 | Build | Mining Camp |
| 16:47 | Build | Mining Camp |
| 16:49 | Queue | Villager (Male) |
| 16:50 | Queue | Villager (Male) |
| 17:21 | Build | Watch Tower |
| 17:28 | Queue | Villager (Male) |
| 17:47 | Build | Blacksmith |
| 17:52 | Queue | Villager (Male) |
| 17:52 | Queue | Villager (Male) |
| 18:20 | Build | Watch Tower |
| 18:22 | Research | Fletching |
| 18:24 | Queue | Villager (Male) |
| 18:27 | Build | Farm |
| 18:30 | Build | Farm |
| 18:52 | Build | Watch Tower |
| 19:07 | Queue | Villager (Male) |
| 19:08 | Build | House |
| 19:09 | Build | House |
| 19:14 | Build | Farm |
| 19:46 | Queue | Villager (Male) |
| 19:46 | Queue | Villager (Male) |
| 19:52 | Build | Farm |
| 20:52 | Build | Watch Tower |
| 21:04 | Research | Castle Age |
| 21:34 | Research | Gold Mining |
| 21:42 | Build | Farm |
| 21:42 | Build | Farm |
| 21:43 | Build | Farm |
| 21:43 | Build | Farm |
| 21:43 | Build | Farm |
| 21:43 | Build | Farm |
| 22:52 | Build | Watch Tower |
| 23:44 | Age | Castle Age |
| 23:51 | Queue | Villager (Male) |
| 23:51 | Queue | Villager (Male) |
| 23:52 | Queue | Villager (Male) |
| 23:56 | Build | Town Center |
| 24:00 | Research | Bow Saw |
| 24:03 | Research | Heavy Plow |
| 24:26 | Build | Siege Workshop |
| 24:44 | Queue | Villager (Male) |
| 24:48 | Research | Wheelbarrow |
| 24:55 | Build | Farm |
| 24:55 | Build | Farm |
| 24:55 | Build | Farm |
| 25:08 | Build | Farm |
| 25:10 | Queue | Villager (Male) |
| 25:15 | Queue | Battering Ram |
| 25:24 | Build | Castle |
| 25:47 | Research | Bodkin Arrow |
| 26:02 | Queue | Villager (Male) |
| 26:03 | Queue | Villager (Male) |
| 26:04 | Build | Farm |
| 26:05 | Build | Farm |
| 26:11 | Queue | Villager (Male) |
| 26:43 | Build | Farm |
| 26:43 | Build | Farm |
| 26:43 | Build | Farm |
| 26:44 | Build | Farm |
| 26:44 | Build | Farm |
| 26:44 | Build | Farm |
| 26:45 | Build | Farm |
| 26:51 | Queue | Villager (Male) |
| 26:52 | Queue | Villager (Male) |
| 26:53 | Queue | Villager (Male) |
| 26:53 | Queue | Villager (Male) |
| 26:59 | Queue | Teutonic Knight |
| 27:00 | Queue | Teutonic Knight |
| 27:00 | Queue | Teutonic Knight |
| 27:15 | Queue | Teutonic Knight |
| 27:39 | Queue | Teutonic Knight |
| 27:39 | Queue | Teutonic Knight |
| 27:47 | Queue | Villager (Male) |
| 27:55 | Build | Monastery |
| 28:00 | Build | Farm |
| 28:01 | Queue | Villager (Male) |
| 28:03 | Queue | Villager (Male) |
| 28:11 | Queue | Teutonic Knight |
| 28:12 | Queue | Teutonic Knight |
| 28:22 | Queue | Mangonel |
| 28:29 | Queue | Teutonic Knight |
| 28:29 | Queue | Teutonic Knight |
Build order — Lord_calderon
First 150 of 704 actions detected
| 0:01 | Queue | Villager (Male) |
| 0:12 | Research | Loom |
| 0:16 | Build | House |
| 0:39 | Build | Palisade Wall |
| 0:47 | Queue | Villager (Male) |
| 0:47 | Queue | Villager (Male) |
| 0:48 | Queue | Villager (Male) |
| 0:48 | Queue | Villager (Male) |
| 1:41 | Build | House |
| 2:07 | Queue | Villager (Male) |
| 2:08 | Queue | Villager (Male) |
| 2:27 | Build | House |
| 2:46 | Queue | Villager (Male) |
| 3:10 | Queue | Villager (Male) |
| 3:55 | Build | House |
| 3:57 | Build | Palisade Wall |
| 4:06 | Queue | Villager (Male) |
| 4:41 | Queue | Villager (Male) |
| 4:41 | Queue | Villager (Male) |
| 4:42 | Queue | Villager (Male) |
| 5:02 | Queue | Villager (Male) |
| 5:20 | Queue | Villager (Male) |
| 5:48 | Queue | Villager (Male) |
| 5:58 | Queue | Villager (Male) |
| 6:34 | Queue | Villager (Male) |
| 6:42 | Build | Lumber Camp |
| 7:45 | Queue | Villager (Male) |
| 8:18 | Queue | Villager (Male) |
| 8:49 | Queue | Villager (Male) |
| 9:03 | Queue | Villager (Male) |
| 9:23 | Build | Mill |
| 9:37 | Queue | Villager (Male) |
| 9:58 | Research | Feudal Age |
| 9:59 | Queue | Villager (Male) |
| 10:27 | Build | Mining Camp |
| 10:54 | Build | House |
| 12:14 | Age | Feudal Age |
| 12:16 | Build | Watch Tower |
| 12:19 | Queue | Villager (Male) |
| 12:41 | Queue | Villager (Male) |
| 12:41 | Queue | Villager (Male) |
| 13:04 | Build | Watch Tower |
| 13:11 | Build | Blacksmith |
| 13:26 | Queue | Villager (Male) |
| 13:28 | Queue | Villager (Male) |
| 13:32 | Build | House |
| 13:40 | Build | Watch Tower |
| 13:48 | Research | Fletching |
| 14:35 | Build | House |
| 14:36 | Build | House |
| 14:43 | Research | Double-Bit Axe |
| 14:55 | Queue | Villager (Male) |
| 14:56 | Queue | Villager (Male) |
| 15:23 | Build | Farm |
| 15:23 | Build | Farm |
| 15:24 | Build | Farm |
| 15:24 | Build | Farm |
| 15:24 | Build | Farm |
| 15:24 | Build | Farm |
| 15:48 | Queue | Villager (Male) |
| 16:10 | Build | Watch Tower |
| 16:12 | Queue | Villager (Male) |
| 16:14 | Build | Farm |
| 16:17 | Research | Horse Collar |
| 16:29 | Build | Watch Tower |
| 16:37 | Queue | Villager (Male) |
| 16:37 | Queue | Villager (Male) |
| 16:38 | Queue | Villager (Male) |
| 16:39 | Build | Farm |
| 16:39 | Build | Farm |
| 17:02 | Queue | Villager (Male) |
| 17:04 | Build | Farm |
| 17:04 | Build | Farm |
| 17:04 | Build | Farm |
| 17:51 | Build | Farm |
| 17:51 | Build | Farm |
| 17:51 | Build | Farm |
| 17:52 | Build | Farm |
| 18:30 | Build | Watch Tower |
| 18:37 | Build | House |
| 18:42 | Queue | Villager (Male) |
| 18:42 | Queue | Villager (Male) |
| 18:57 | Queue | Villager (Male) |
| 19:01 | Build | Farm |
| 19:01 | Build | Farm |
| 19:05 | Build | Mining Camp |
| 19:25 | Queue | Villager (Male) |
| 19:47 | Queue | Villager (Male) |
| 19:50 | Build | Barracks |
| 20:13 | Build | Farm |
| 20:13 | Build | Farm |
| 20:13 | Build | Farm |
| 20:33 | Queue | Villager (Male) |
| 20:48 | Build | Stone Wall |
| 20:50 | Build | Stone Wall |
| 20:51 | Build | Stone Wall |
| 20:54 | Build | Stone Wall |
| 21:02 | Build | Stable |
| 21:29 | Build | Palisade Wall |
| 21:45 | Build | Market |
| 22:07 | Queue | Villager (Male) |
| 22:46 | Research | Castle Age |
| 23:33 | Build | Stone Wall |
| 24:06 | Build | Stone Wall |
| 24:44 | Research | Wheelbarrow |
| 25:21 | Build | Outpost |
| 25:26 | Age | Castle Age |
| 25:29 | Build | House |
| 25:30 | Queue | Villager (Male) |
| 25:38 | Build | Town Center |
| 25:41 | Research | Bow Saw |
| 25:42 | Research | Heavy Plow |
| 25:50 | Build | Town Center |
| 26:17 | Build | Siege Workshop |
| 26:46 | Build | Stone Wall |
| 26:47 | Build | Stone Wall |
| 26:56 | Build | Stone Wall |
| 26:57 | Build | Stone Wall |
| 26:58 | Build | Stone Wall |
| 26:59 | Queue | Mangonel |
| 27:02 | Queue | Villager (Male) |
| 27:02 | Queue | Villager (Male) |
| 27:03 | Queue | Villager (Male) |
| 27:03 | Queue | Villager (Male) |
| 27:04 | Queue | Villager (Male) |
| 27:04 | Queue | Villager (Male) |
| 27:26 | Build | House |
| 27:26 | Build | House |
| 27:26 | Build | House |
| 27:26 | Build | House |
| 27:30 | Queue | Villager (Male) |
| 27:30 | Queue | Villager (Male) |
| 27:30 | Queue | Villager (Male) |
| 27:37 | Build | Farm |
| 27:37 | Build | Farm |
| 27:37 | Build | Farm |
| 27:37 | Build | Farm |
| 27:43 | Queue | Mangonel |
| 27:56 | Build | Monastery |
| 27:58 | Queue | Villager (Male) |
| 27:58 | Queue | Villager (Male) |
| 27:59 | Queue | Villager (Male) |
| 27:59 | Queue | Villager (Male) |
| 27:59 | Queue | Villager (Male) |
| 28:24 | Queue | Villager (Male) |
| 28:24 | Queue | Villager (Male) |
| 28:25 | Queue | Villager (Male) |
| 28:27 | Build | House |
| 28:28 | Build | House |
| 28:30 | Build | House |
Match timeline
| 0:39 | Lord_calderon · wall_segment Palisade Wall x7 |
| 3:57 | Lord_calderon · wall_segment Palisade Wall x2 |
| 12:04 | Jazzmushroom · age_up feudal |
| 12:14 | Lord_calderon · age_up feudal |
| 15:00 | Jazzmushroom · wall_segment Stone Wall x7 |
| 15:05 | Jazzmushroom · wall_segment Stone Wall x4 |
| 19:50 | Lord_calderon · first_building Barracks |
| 20:48 | Lord_calderon · wall_segment Stone Wall x1 |
| 20:50 | Lord_calderon · wall_segment Stone Wall x2 |
| 20:51 | Lord_calderon · wall_segment Stone Wall x4 |
| 20:54 | Lord_calderon · wall_segment Stone Wall x8 |
| 21:02 | Jazzmushroom · first_market_sell 100 wood |
| 21:02 | Lord_calderon · first_building Stable |
| 21:29 | Lord_calderon · wall_segment Palisade Wall x1 |
| 22:45 | Lord_calderon · first_market_sell 100 food |
| 23:33 | Lord_calderon · wall_segment Stone Wall x1 |
| 23:44 | Jazzmushroom · age_up castle |
| 24:06 | Lord_calderon · wall_segment Stone Wall x9 |
| 24:26 | Jazzmushroom · first_building Siege Workshop |
| 25:24 | Jazzmushroom · first_building Castle |
| 25:26 | Lord_calderon · age_up castle |
| 26:09 | Lord_calderon · first_market_buy 100 wood |
| 26:17 | Lord_calderon · first_building Siege Workshop |
| 26:46 | Lord_calderon · wall_segment Stone Wall x7 |
| 26:47 | Lord_calderon · wall_segment Stone Wall x7 |
| 26:56 | Lord_calderon · wall_segment Stone Wall x5 |
| 26:57 | Lord_calderon · wall_segment Stone Wall x2 |
| 26:58 | Lord_calderon · wall_segment Stone Wall x5 |
| 27:55 | Jazzmushroom · first_building Monastery |
| 27:56 | Lord_calderon · first_building Monastery |
| 30:47 | Lord_calderon · first_building Castle |
| 32:25 | Lord_calderon · first_building Archery Range |
| 34:09 | Jazzmushroom · first_building Barracks |
| 34:42 | Jazzmushroom · first_building Stable |
| 35:21 | Lord_calderon · age_up imperial |
| 36:26 | Jazzmushroom · age_up imperial |
| 44:15 | Jazzmushroom · first_building Archery Range |
| 73:17 | Jazzmushroom · resign |
[ AI ANALYSIS · 1 CREDIT ]
What really happened in this match?
Wolo.gg analyzes every decision: build order, eco, micro, common mistakes by bracket. Personalized analysis on WhatsApp or Discord in 30 seconds.
Civ guide
Teutons
Perfil
Jugador #23542072